Map: 카이로스 정션 - 래더

Players

Dear - Winner!

  • Race: Protoss Protoss
  • Spawn Location: 11:00

Bunny

  • Race: Terran Terran
  • Spawn Location: 5:00

Event: IEM Season 13: Katowice (2019)

VOD

Have the link to the VOD?

Description

Time

  • Played on: March 1, 2019, 1:23 p.m.
  • Length: 11:09

All games in this series

Show
View Real Time Build Order
Export as new Build Order

Dear Protoss - Winner!

Build Orders: 1 Gate Expand, Colossus Rush 

Get SALT Encoding   

  12  0:00  Probe  
  13  0:12  Probe  
  14  0:18  Pylon  
  14  0:24  Probe  
  15  0:32  Probe  
  15  0:37  Gateway  
  15  0:40  Probe  
  16  0:46  Assimilator  
  17  0:51  Probe  
  18  1:03  Probe  
  19  1:15  Probe  
  20  1:29  Nexus  
  20  1:32  Cybernetics Core  
  20  1:34  Probe  
  21  1:42  Assimilator  
  21  1:47  Probe  
  22  1:51  Pylon  
  22  2:00  Adept, Probe  
  23  2:10  Warp Gate  
  23  2:12  Probe  
  26  2:20  Stalker, Robotics Facility  
  25  2:24  Probe  
  26  2:36  Probe  
  29  2:37  Probe  
  30  2:45  Probe  
  30  2:48  Probe  
  30  2:50  Stalker  
  34  2:55  Probe  
  35  3:00  Probe  
  35  3:03  Probe  
  36  3:07  Observer  
  36  3:11  Probe  
  36  3:12  Probe  
  39  3:14  Gateway  
  39  3:16  Gateway  
  40  3:21  Probe  
  40  3:24  Probe, Pylon  
  42  3:30  Observer  
  42  3:31  Stalker  
  45  3:35  Probe  
  45  3:39  Assimilator  
  46  3:41  Assimilator  
  46  3:42  Probe  
  46  3:44  Probe  
  46  3:46  Pylon  
  48  3:52  Probe  
  48  3:54  Probe, Observer  
  50  4:02  Probe  
  51  4:06  Probe  
  53  4:12  Robotics Bay  
  53  4:14  Probe  
  54  4:20  Forge, Observer  
  54  4:22  Probe  
  56  4:26  Probe  
  57  4:31  Nexus  
  57  4:33  Pylon  
  57  4:35  Probe  
  59  4:38  Probe  
  59  4:47  Probe  
  59  4:50  Probe  
  61  4:53  Stalker x3  
  67  5:07  Pylon, Colossus  
  67  5:12  Protoss Ground Weapons Level 1  
  67  5:16  Extended Thermal Lance  
  67  5:21  Probe x2  
  67  5:23  Pylon  
  74  5:28  Sentry x2  
  74  5:31  Gateway  
  74  5:34  Gateway  
  78  5:40  Pylon  
  78  5:43  Sentry  
  78  5:45  Probe, Colossus  
  78  5:46  Probe x2  
  83  5:54  Zealot  
  85  5:57  Zealot  
  85  6:03  Probe x3  
  96  6:07  Twilight Council  
  96  6:10  Pylon  
  96  6:14  Stalker  
  96  6:16  Zealot  
  96  6:17  Probe x2  
  96  6:18  Probe  
  103  6:26  Zealot  
  103  6:27  Colossus  
  103  6:29  Pylon  
  105  6:36  Stalker x2  
  115  6:44  Stalker  
  116  6:52  Stalker  
  116  6:53  Zealot  
  116  6:54  Charge  
  119  6:58  Probe x3  
  119  7:00  Assimilator  
  122  7:02  Assimilator  
  122  7:04  Protoss Ground Armor Level 1  
  122  7:06  Shield Battery  
  122  7:08  Shield Battery  
  122  7:10  Photon Cannon  
  122  7:15  Pylon  
  122  7:16  Pylon  
  122  7:19  Probe  
  122  7:20  Probe x2  
  125  7:28  Shield Battery  
  125  7:34  Templar Archives  
  125  7:37  Stalker  
  125  7:38  Stalker  
  125  7:39  Zealot  
  125  7:40  Zealot x2  
  125  7:44  Gateway  
  135  7:47  Gateway  
  135  7:53  Psionic Storm  
  135  7:56  Gateway, Observer  
  135  8:01  Stalker x3  
  141  8:12  Pylon  
  139  8:14  Pylon  
  139  8:15  Pylon  
  139  8:18  Forge  
  139  8:21  Protoss Ground Weapons Level 2  
  139  8:22  Shield Battery  
  139  8:26  Observer  
  139  8:30  High Templar  
  139  8:31  High Templar  
  139  8:32  Zealot  
  139  8:33  Zealot  
  147  8:35  Zealot  
  149  8:41  Protoss Ground Armor Level 2  
  149  8:45  Zealot x2  
  145  8:56  High Templar x2  
  145  8:58  Zealot  
  145  8:59  Zealot  
  146  9:06  Pylon  
  146  9:07  Warp Prism  
  138  9:15  Zealot, High Templar x2  
  138  9:16  Zealot x3, Pylon  
  146  9:23  High Templar x2  
  152  9:29  Pylon  
  150  9:34  Nexus  
  148  9:43  Zealot x2, High Templar x2  
  156  9:46  Pylon  
  156  9:47  Probe x3, Archon  
  156  9:48  Zealot  
  156  9:49  Zealot  
  161  10:12  Zealot x5  
  155  10:20  Immortal  
  135  10:23  Archon  
  135  10:24  Archon  
  135  10:26  High Templar x3  
  111  10:39  Zealot x5  
  113  10:47  Probe x4  
  115  10:59  Gateway  
  115  11:00  Gateway  
  115  11:01  Zealot x2  
  115  11:02  Zealot x6  
Show
View Real Time Build Order
Export as new Build Order

Bunny Terran 

Build Orders: Gas First Reaper Expand, Liberator Opening 

Get SALT Encoding   

  12  0:00  SCV  
  13  0:12  SCV  
  14  0:16  Supply Depot  
  14  0:24  SCV  
  14  0:27  Refinery  
  15  0:38  SCV  
  16  0:44  Barracks  
  16  0:50  SCV  
  17  1:02  SCV  
  18  1:14  SCV  
  19  1:31  Reaper, Orbital Command  
  20  1:45  Command Center  
  20  1:56  SCV  
  21  2:01  Factory  
  21  2:05  Barracks Reactor  
  21  2:11  Supply Depot  
  21  2:12  SCV  
  22  2:21  Refinery  
  22  2:24  SCV  
  23  2:36  SCV  
  24  2:47  Starport  
  24  2:49  SCV  
  27  2:51  Barracks Tech Lab, Hellion x2  
  29  3:01  SCV  
  29  3:02  Orbital Command  
  32  3:15  SCV  
  32  3:17  Liberator  
  31  3:20  Marine  
  31  3:21  Cyclone, Marine  
  36  3:27  Supply Depot  
  36  3:28  SCV x2  
  38  3:40  SCV x2, Marine x2  
  45  3:52  SCV x2  
  45  3:53  Barracks  
  47  3:57  Siege Tank  
  47  4:00  Supply Depot  
  50  4:04  SCV x2  
  50  4:07  Marine  
  50  4:08  Marine  
  54  4:14  Bunker  
  54  4:16  Supply Depot  
  54  4:21  SCV x2  
  56  4:29  Barracks  
  55  4:33  SCV x2  
  55  4:35  Starport Reactor  
  57  4:40  Engineering Bay  
  57  4:41  Factory Tech Lab  
  57  4:44  Refinery  
  57  4:45  SCV x2  
  57  4:46  Stimpack  
  57  4:49  Marine  
  60  4:58  SCV x2, Supply Depot  
  62  5:01  Marine x2  
  62  5:05  Supply Depot  
  64  5:08  Marauder  
  64  5:10  Factory Reactor, SCV  
  64  5:11  Refinery  
  64  5:12  SCV  
  64  5:13  Medivac  
  70  5:18  Supply Depot  
  70  5:20  Medivac  
  72  5:22  SCV, Supply Depot  
  72  5:25  Marauder  
  72  5:26  Marine  
  72  5:28  Marine  
  77  5:31  Combat Shield  
  77  5:33  SCV  
  77  5:34  SCV  
  81  5:36  Marauder  
  81  5:41  Supply Depot  
  81  5:44  Terran Infantry Weapons Level 1  
  81  5:47  Marine x2  
  83  5:54  Medivac  
  85  6:00  Marauder x2, SCV  
  85  6:01  SCV  
  91  6:05  Marine x2  
  91  6:10  Medivac  
  95  6:12  Supply Depot  
  95  6:14  Widow Mine  
  95  6:15  Widow Mine  
  99  6:21  Marauder x2  
  99  6:22  Marine  
  99  6:23  Marine  
  105  6:31  Command Center  
  105  6:42  Marauder  
  105  6:43  Marauder  
  109  6:49  Marine x2  
  106  6:54  Widow Mine x2  
  106  6:56  Medivac x2  
  109  7:01  SCV  
  109  7:02  SCV  
  109  7:04  Barracks x2  
  109  7:07  Supply Depot  
  109  7:08  Marauder  
  113  7:09  Marauder  
  113  7:10  Concussive Shells  
  113  7:12  Marine  
  113  7:14  Marine  
  117  7:24  SCV  
  117  7:28  SCV  
  117  7:29  Widow Mine x2, Medivac  
  125  7:38  Terran Infantry Armor Level 1  
  125  7:39  Marine  
  125  7:42  Medivac, Marine  
  125  7:43  Marauder x2, SCV x2  
  135  7:45  Orbital Command  
  135  7:55  SCV x2  
  135  7:57  Barracks Tech Lab, Barracks Reactor  
  137  7:59  Marine  
  137  8:00  Marine  
  137  8:03  Supply Depot  
  137  8:04  Marauder  
  141  8:07  Marauder  
  141  8:09  Widow Mine  
  141  8:10  Widow Mine, Viking  
  137  8:13  Viking  
  137  8:15  SCV x2  
  141  8:20  Supply Depot  
  141  8:21  SCV  
  146  8:27  Marauder x2  
  146  8:31  Marine x2  
  146  8:32  Marine  
  149  8:39  Widow Mine x2  
  149  8:40  Viking  
  155  8:43  Viking  
  155  8:48  Marine  
  134  8:49  Marauder  
  134  8:50  Marauder, Marine x2  
  134  8:53  Marine  
  134  8:54  Marine  
  134  9:00  Widow Mine x2  
  134  9:06  Marauder  
  78  9:10  Viking  
  123  9:11  Marauder, Ghost Academy, Marine x3  
  123  9:12  Marauder  
  123  9:13  Viking, Marine  
  131  9:22  Widow Mine x2  
  135  9:27  Marauder  
  135  9:29  Marine x2  
  134  9:32  Marauder  
  134  9:33  Marine x2  
  140  9:39  Viking  
  140  9:43  Widow Mine, Viking  
  144  9:50  Marauder, Refinery  
  144  9:51  Ghost, Supply Depot  
  146  9:53  Ghost  
  146  9:57  Marine x3  
  146  9:59  Marine  
  145  10:11  Marine  
  127  10:14  Viking  
  127  10:15  Marine x3  
  127  10:17  Marine  
  127  10:20  Marauder  
  114  10:22  Marauder  
  114  10:24  Widow Mine  
  92  10:29  Marauder  
  92  10:32  Marine  
  82  10:41  Marauder, Marine  
  74  10:46  Marine  

Tags
 
Add a new tag
Caveats
  • Supply blocks, unpowered buildings, or Contaminate may cause inaccurate times.
  • Supply counts are checked every 10 seconds.